 Dungeon Crawl Stone Soup version 0.23-a0-38-g6d804a8 (webtiles) character file.

14 Irindil the Ruffian (level 2, -2/23 HPs)
             Began as a Draconian Transmuter on Aug 5, 2018.
             Slain by a kobold
             ... wielding a +4 short sword of draining
              (3 damage)
             ... on level 1 of the Dungeon.
             The game lasted 00:03:25 (449 turns).

Irindil the Ruffian (Draconian Transmuter)           Turns: 449, Time: 00:03:26

Health: -2/23      AC:  4    Str: 12    XL:     2   Next: 27%
Magic:  4/5        EV: 11    Int: 13    God:
Gold:   20         SH:  0    Dex: 11    Spells: 4/5 levels left

rFire    . . .     SeeInvis .     - Unarmed
rCold    . . .     Gourm    .   (no shield)
rNeg     . . .     Faith    .   (armour unavailable)
rPois    .         Spirit   .   (helmet restricted)
rElec    .         Reflect  .   (no cloak)
rCorr    .         Harm     .   (no gloves)
MR       .....                  (no boots)
Stlth    +.........             (no amulet)
HPRegen  0.07/turn              (no ring)
MPRegen  0.09/turn              (no ring)

@: appendage, drained
A: unfitting armour, horns 2, cold-blooded, AC +4
a: End Transformation


You were on level 1 of the Dungeon.
You were not hungry.
You had grown temporary horns.
You visited 1 branch of the dungeon, and saw 1 of its levels.

You collected 20 gold pieces.

Inventory:

Missiles
 a - 27 arrows
Scrolls
 b - a scroll of noise {unknown}
 e - a scroll of remove curse {unknown}
 f - a scroll of teleportation {unknown}
Potions
 d - a potion of degeneration {unknown}
 g - a potion of curing {unknown}
 h - a potion of flight {unknown}
Comestibles
 c - 3 rations


   Skills:
 + Level 1.1(0.2) Fighting
 - Level 1.7(0.9) Dodging
 + Level 3.6(2.7) Unarmed Combat
 - Level 2.0(1.1) Spellcasting
 + Level 2.2(1.3) Transmutations


You had 4 spell levels left.
You knew the following spells:

 Your Spells              Type           Power        Failure   Level  Hunger
a - Beastly Appendage     Tmut           #.....       16%         1    ##.....

Your spell library contained the following spells:

 Spells                   Type           Power        Failure   Level  Hunger
 Spider Form              Tmut/Pois      #.........   54%         3    ####...
 Blade Hands              Tmut           #.........   99%         5    ######.
 Ice Form                 Ice/Tmut       #.......     91%         4    #####..
 Sticks to Snakes         Tmut           #.......     24%         2    ###....


Dungeon Overview and Level Annotations

Branches:
Dungeon (1/15)

Altars:


Innate Abilities, Weirdness & Mutations

Your plain brown scales are hard. (AC +4)
You cannot fit into any form of body armour.
You are cold-blooded and may be slowed by cold attacks.
You have a pair of horns on your head.


Message History

Your horns disappear.
A kobold comes into view.
It is wielding a short sword of draining.
The kobold shouts!
The kobold moves out of view.
The kobold is too close now for your liking.
The kobold hits you with a short sword of draining.
You feel drained.
Casting: Beastly Appendage (safe; 12% risk of failure)
Confirm with . or Enter, or press ? or * to list all spells.
You grow a pair of large bovine horns.
The kobold hits you with a short sword of draining!
You feel drained.
You are too injured to fight recklessly!
You are too injured to fight recklessly!
You hit the kobold. Your headbutt misses the kobold.
The kobold is moderately wounded.
The kobold hits you with a short sword of draining!
* * * LOW HITPOINT WARNING * * *
You feel drained.
You die...

#.# #.#
.. ...
.. #.#
.# #.#
.# #.#
.#
#.####.#
#......#
#+
#.###@.#
.. #.#
#K.#
#####
#.#
#....
#....
#.#
#.####
#.###'
#.# #.#
#... #.#
#.# #...
#.# #.#
+..< #.#
#.# #...
#.# #..
#...


You could see a kobold.

Vanquished Creatures
  A bat (D:1)
  2 giant cockroaches (D:1)
  A goblin (D:1)
  3 hobgoblins (D:1)
  A frilled lizard (D:1)
  2 kobolds (D:1)
  2 rats (D:1)
12 creatures vanquished.

Notes
Turn   | Place    | Note
-------+----------+-------------------------------------------
     0 | D:1      | Irindil the Draconian Transmuter began the quest for the Orb.
     0 | D:1      | Reached XP level 1. HP: 16/16 MP: 3/3
   377 | D:1      | Reached XP level 2. HP: 23/23 MP: 3/5
   449 | D:1      | HP: 1/23 [kobold/short sword of draining (8)]
   449 | D:1      | Slain by a kobold

Vault maps used:
D:1:      matt_arrival_los_fun

Action                   || total
-------------------------++-------
Melee: Unarmed           ||    27
       Kick              ||     2
       Headbutt          ||     1
       Tailslap          ||     3
       Punch             ||     1
 Cast: Beastly Appendage ||     6
Armor: Skin              ||     5
Dodge: Dodged            ||    14

Table legend:
 A = Spawn XP
 B = Non-spawn XP
 C = Spawn XP percentage of total XP
 D = Spawn monster count
 E = Non-spawn monster count
 F = Spawn count percentage of total count
 G = Total turns spent on level
                    A         B        C        D         E        F      G
               +---------+---------+-------+---------+---------+-------+---------
         Total |       0 |      20 |   0.0 |       0 |      12 |   0.0 |   449
               +---------+---------+-------+---------+---------+-------+---------
           D:1 |       0 |      20 |   0.0 |       0 |      12 |   0.0 |   449
               +---------+---------+-------+---------+---------+-------+---------
